 Dungeon Crawl Stone Soup version 0.23.2-40-g277498a001 (webtiles) character file.

Game seed: 3343667327982471957

161 FishyPogo the Firebug (level 5, 0/28 HPs)
             Began as a Deep Elf Fire Elementalist on Aug 14, 2019.
             Was an Initiate of Vehumet.
             Slain by a hornet zombie (14 damage)
             ... on level 3 of the Dungeon.
             The game lasted 00:12:15 (2939 turns).

FishyPogo the Firebug (Deep Elf Fire Elementalist)  Turns: 2939, Time: 00:12:15

Health: 0/28       AC:  3    Str:  5    XL:     5   Next: 19%
Magic:  12/13      EV: 13    Int: 21    God:    Vehumet [......]
Gold:   204        SH:  0    Dex: 15    Spells: 6/12 levels left

rFire    . . .     SeeInvis .   a - +0 long sword
rCold    . . .     Gourm    .   (no shield)
rNeg     . . .     Faith    .   j - +0 robe
rPois    .         Spirit   .   (no helmet)
rElec    .         Reflect  .   (no cloak)
rCorr    .         Harm     .   o - +0 pair of gloves
MR       .....                  (no boots)
Stlth    ++........             (no amulet)
HPRegen  0.09/turn              (no ring)
MPRegen  0.13/turn              (no ring)

@: no status effects
A: no striking features
a: Renounce Religion


You were on level 3 of the Dungeon.
You worshipped Vehumet.
Vehumet was noncommittal.
You were not hungry.

You visited 1 branch of the dungeon, and saw 3 of its levels.

You collected 204 gold pieces.

Inventory:

Hand Weapons
 a - a +0 long sword (weapon)
Missiles
 d - 33 stones (quivered)
Armour
 j - a +0 robe (worn)
 o - a +0 pair of gloves (worn)
Jewellery
 m - an uncursed ring of poison resistance {unknown}
Scrolls
 b - a scroll of magic mapping {unknown}
 f - a scroll of fear {unknown}
 g - 3 scrolls of identify {unknown}
 h - a scroll of teleportation
 k - a scroll of fog {unknown}
 r - 2 scrolls of remove curse {unknown}
 s - a scroll of random uselessness {unknown}
 v - a scroll of enchant weapon {unknown}
Potions
 e - 2 potions of curing
 i - a potion of degeneration {unknown}
 l - a potion of cancellation {unknown}
 n - a potion of heal wounds {unknown}
 p - a potion of invisibility {unknown}
 q - a potion of mutation {unknown}
 t - 2 potions of might {unknown}
 w - a potion of flight {unknown}
Comestibles
 c - 7 rations
 u - a chunk of flesh


   Skills:
 + Level 2.6 Dodging
 - Level 2.4 Stealth
 * Level 4.4 Spellcasting
 * Level 3.4 Conjurations
 + Level 4.7 Fire Magic


You had 6 spell levels left.
You knew the following spells:

 Your Spells              Type           Power        Failure   Level  Hunger
a - Flame Tongue          Conj/Fire      ###..        2%          1    None
b - Throw Flame           Conj/Fire      ###...       3%          2    #......
d - Conjure Flame         Conj/Fire      ###.....     6%          3    ##.....

Your spell library contained the following spells:

 Spells                   Type           Power        Failure   Level  Hunger
 Inner Flame              Hex/Fire       ##......     13%         3    ##.....
 Sticky Flame             Conj/Fire      ###.....     22%         4    ####...
 Fireball                 Conj/Fire      ###.......   52%         5    ######.


Dungeon Overview and Level Annotations

Branches:
Dungeon (3/15)

Altars:
Trog
Vehumet
Yredelemnul

Annotations:
D:2 Sigmund


Message History

Eating one of 2 chunks of flesh.
You eat one of the 2 chunks of flesh.
This raw flesh tastes terrible.
A hornet zombie comes into view.
You closely miss the hornet zombie. The hornet zombie hits you! x2
Ouch! That really hurt!
* * * LOW HITPOINT WARNING * * *
Okay, then.
Okay, then.
It was a potion of curing.
You feel better. The hornet zombie closely misses you.
Casting: Throw Flame (safe; 3% risk of failure)
Confirm with . or Enter, or press ? or * to list all spells.
Aiming: Flame Tongue (safe; 2% risk of failure)
Press: ? - help, Shift-Dir - straight line, f - hornet zombie
Aim: a hornet zombie The flame tongue hits the hornet zombie.
The hornet zombie is lightly damaged.
The hornet zombie hits you!
Ouch! That really hurt!
You die...

#.# #.....#........#..# #.#..#
#.# #...#.......#..#..# #.#..#
#.# #...###.#.#....#..# #.#..#
#.# #.....#.#......#..######.#..#
#.###...#.#.#.#.#..#............#
#.........#.#.#.#..#.############
#.##.#......#...#................
####.#..#########..#.############
...............Z@..#.#
####.#..############.#
.....#...............#
.......############### .#######
....# ###.# ....# ###.#


You could see a hornet zombie.

Vanquished Creatures
  Jessica (D:2)
  4 gnolls (D:3)
  3 adders
  An ooze (D:3)
  A worm (D:2)
  2 dart slugs
  3 leopard geckos
  3 orcs (D:3)
  3 giant cockroaches
  7 goblins
  4 hobgoblins
  3 jackals (D:1)
  4 kobolds
  2 quokkas
  7 bats
  2 frilled lizards
  3 rats
53 creatures vanquished.

Notes
Turn   | Place    | Note
-------+----------+-------------------------------------------
     0 | D:1      | FishyPogo the Deep Elf Fire Elementalist began the quest
                  | for the Orb.
     0 | D:1      | Reached XP level 1. HP: 10/10 MP: 6/6
   213 | D:1      | Reached XP level 2. HP: 8/15 MP: 2/8
   217 | D:1      | Learned a level 2 spell: Throw Flame
  1134 | D:2      | Reached XP level 3. HP: 19/19 MP: 6/9
  1135 | D:2      | Noticed Jessica
  1139 | D:2      | Killed Jessica
  1220 | D:2      | Noticed Sigmund
  1419 | D:2      | Found a basalt altar of Yredelemnul.
  1422 | D:2      | Found a bloodstained altar of Trog.
  1423 | D:2      | Found a radiant altar of Vehumet.
  1440 | D:2      | Reached XP level 4. HP: 24/24 MP: 5/11
  2305 | D:2      | Became a worshipper of Vehumet
  2349 | D:3      | Learned a level 3 spell: Conjure Flame
  2644 | D:3      | Reached XP level 5. HP: 28/28 MP: 0/13
  2939 | D:3      | Slain by a hornet zombie

Skill      XL: |  1  2  3  4 |
---------------+-------------+-----
Conjurations   | 2 3 |  3.4
Fire Magic     | 4 |  4.7
Spellcasting   | 4 |  4.4
Dodging        | |  2.6
Stealth        | |  2.4

Action                   |  1- 3 |  4- 6 || total
-------------------------+-------+-------++-------
Melee: Unarmed           |     2 |       ||     2
       Dagger            |     5 |    21 ||    26
       Long sword        |       |     1 ||     1
 Cast: Flame Tongue      |    39 |    21 ||    60
       Throw Flame       |    11 |    14 ||    25
  Use: Scroll            |       |     1 ||     1
       Potion            |       |     1 ||     1
 Stab: Sleeping          |     3 |     4 ||     7
  Eat: Chunk             |     2 |     5 ||     7
Armor: Robe              |     5 |     4 ||     9
Dodge: Dodged            |    21 |    17 ||    38
